General information
- name: BNet
- type: Ladder team game (AT/RT)
- host: Battle.net
- saver: seahorse
map: Mur'gulOasis
- players: 8
- length: 139:05
- speed: Fast
- version: 1.21 W3XP
- replay type: Public
» download(755 KB)
Players
team 1 (loser)
GoodStuffix (
teal | 25 APM | 3472 actions | 139:03)
5 Tauren Chieftain
3 Shockwave
2 Endurance Aura
5 Pandaren Brewmaster
3 Breath of Fire
2 Drunken Haze
» actions
| Assign group hotkey | 77 | |
| Basic commands | 2 | |
| Build / train | 70 | |
| Enter build submenu | 19 | |
| Enter hero's abilities submenu | 10 | |
| Give item / drop item | 5 | |
| Right click | 1502 | |
| Select / deselect | 788 | |
| Select group hotkey | 773 | |
| Use ability | 226 | |
3472 total
» units
| Peon | 9 | |
| Troll Headhunter/Berserker | 11 | |
| Demolisher | 5 | |
| Raider | 13 | |
| Troll Batrider | 1 | |
39 total
» upgrades
| Ranged Weapons | 2 | |
| Armor | 3 | |
| Melee Weapons | 2 | |
| Ensnare | 1 | |
| Pillage | 1 | |
9 total
» buildings
| Altar of Storms | 1 | |
| Orc Burrow | 6 | |
| Barracks | 2 | |
| War Mill | 1 | |
| Watch Tower | 3 | |
| Voodoo Lounge | 1 | |
| Stronghold | 1 | |
| Fortress | 1 | |
| Beastiary | 2 | |
18 total
» build order
00:06 Altar of Storms
00:12 Orc Burrow
01:25 Barracks
01:42 War Mill
01:49 Orc Burrow
02:13 Barracks
03:02 Watch Tower
03:44 Orc Burrow
03:53 Watch Tower
04:39 Voodoo Lounge
05:22 Orc Burrow
05:47 Stronghold
07:56 Orc Burrow
11:54 Orc Burrow
11:57 Fortress
13:47 Watch Tower
14:46 Beastiary
14:50 Beastiary
» items
| Healing Salve | 2 | |
| Lesser Clarity Potion | 1 | |
| Orb of Lightning | 1 | |
| Potion of Healing | 2 | |
| Scroll of Town Portal | 1 | |
| Staff of Teleportation | 1 | |
8 total
h43rYs (
yellow | 40 APM | 5526 actions | 138:59)
7 Priestess of the Moon
3 Trueshot Aura
3 Scout
1 Starfall
3 Firelord
2 Summon Lava Spawn
1 Soul Burn
1 Goblin Tinker
1 Pocket Factory
» actions
| Assign group hotkey | 87 | |
| Basic commands | 10 | |
| Build / train | 68 | |
| Enter build submenu | 32 | |
| Enter hero's abilities submenu | 12 | |
| Give item / drop item | 22 | |
| Right click | 3343 | |
| Select / deselect | 1058 | |
| Select group hotkey | 716 | |
| Use ability | 178 | |
5526 total
» units
| Wisp | 22 | |
| Huntress | 6 | |
| Glaive Thrower | 3 | |
| Chimaera | 12 | |
| Hippogryph | 2 | |
45 total
» upgrades
| Corrosive Breath | 1 | |
| Reinforced Hides | 1 | |
2 total
» buildings
| Altar of Elders | 1 | |
| Moon Well | 7 | |
| Ancient of War | 2 | |
| Hunter's Hall | 1 | |
| Tree of Ages | 1 | |
| Ancient Protector | 8 | |
| Tree of Eternity | 1 | |
| Ancient of Wind | 1 | |
| Chimaera Roost | 3 | |
| Tree of Life | 5 | |
30 total
» build order
00:16 Altar of Elders
00:20 Moon Well
00:26 Moon Well
00:37 Ancient of War
02:01 Hunter's Hall
02:21 Moon Well
02:54 Ancient of War
03:13 Moon Well
04:08 Moon Well
05:27 Moon Well
06:22 Tree of Ages
07:15 Ancient Protector
08:44 Tree of Eternity
08:48 Ancient of Wind
11:11 Chimaera Roost
11:12 Chimaera Roost
11:13 Chimaera Roost
12:56 Tree of Life
13:02 Moon Well
22:37 Ancient Protector
22:40 Ancient Protector
22:42 Ancient Protector
22:46 Ancient Protector
22:55 Ancient Protector
22:58 Ancient Protector
27:52 Tree of Life
27:56 Ancient Protector
29:10 Tree of Life
29:50 Tree of Life
30:20 Tree of Life
» items
| Scroll of Town Portal | 1 | |
| Staff of Teleportation | 3 | |
| Potion of Lesser Invulnerability | 1 | |
5 total
h4b1 (
orange | 47 APM | 3692 actions | 78:40)
6 Death Knight
3 Death Coil
2 Unholy Aura
1 Animate Dead
4 Lich
2 Frost Nova
2 Dark Ritual
3 Pit Lord
2 Rain of Fire
1 Howl of Terror
» actions
| Assign group hotkey | 65 | |
| Basic commands | 12 | |
| Build / train | 90 | |
| Enter build submenu | 26 | |
| Enter hero's abilities submenu | 13 | |
| Give item / drop item | 1 | |
| Remove unit from queue | 1 | |
| Right click | 1341 | |
| Select / deselect | 930 | |
| Select group hotkey | 990 | |
| Use ability | 223 | |
3692 total
» units
| Acolyte | 18 | |
| Ghoul | 2 | |
| Crypt Fiend | 20 | |
40 total
» upgrades
| Web | 1 | |
| Creature Carapace | 3 | |
| Creature Attack | 3 | |
7 total
» buildings
| Graveyard | 1 | |
| Altar of Darkness | 1 | |
| Ziggurat | 18 | |
| Crypt | 2 | |
| Tomb of Relics | 1 | |
| Nerubian Tower | 5 | |
| Halls of the Dead | 1 | |
| Black Citadel | 1 | |
| Spirit Tower | 4 | |
| Slaughterhouse | 3 | |
37 total
» build order
00:10 Graveyard
00:15 Altar of Darkness
00:38 Ziggurat
01:01 Crypt
01:15 Tomb of Relics
01:37 Crypt
02:15 Ziggurat
02:49 Nerubian Tower
03:58 Ziggurat
05:35 Nerubian Tower
06:21 Halls of the Dead
07:22 Ziggurat
08:49 Ziggurat
12:33 Ziggurat
12:34 Ziggurat
12:58 Ziggurat
13:34 Nerubian Tower
15:34 Black Citadel
16:00 Ziggurat
16:02 Ziggurat
16:03 Ziggurat
16:54 Ziggurat
17:26 Spirit Tower
17:30 Ziggurat
18:27 Nerubian Tower
18:28 Spirit Tower
18:33 Ziggurat
18:35 Ziggurat
18:54 Black Citadel
19:29 Spirit Tower
21:02 Ziggurat
26:48 Ziggurat
26:49 Ziggurat
32:21 Spirit Tower
32:22 Nerubian Tower
42:17 Slaughterhouse
42:17 Slaughterhouse
43:20 Slaughterhouse
» items
| Dust of Appearance | 2 | |
| Rod of Necromancy | 1 | |
| Scroll of Town Portal | 3 | |
| Potion of Healing | 6 | |
| Potion of Lesser Invulnerability | 1 | |
| Scroll of Healing | 1 | |
14 total
tititi-bobasq (
green | 65 APM | 8727 actions | 134:06)
6 Paladin
2 Holy Light
2 Devotion Aura
1 Divine Shield
1 Resurrection
4 Mountain King
2 Storm Bolt
2 Bash
3 Blood Mage
2 Flame Strike
1 Banish
» actions
| Assign group hotkey | 179 | |
| Basic commands | 324 | |
| Build / train | 124 | |
| Enter build submenu | 39 | |
| Enter hero's abilities submenu | 13 | |
| Give item / drop item | 6 | |
| Remove unit from queue | 8 | |
| Right click | 4449 | |
| Select / deselect | 1246 | |
| Select group hotkey | 2032 | |
| Use ability | 307 | |
8727 total
» units
| Peasant | 28 | |
| Rifleman | 6 | |
| Mortar Team | 6 | |
| Siege Engine | 16 | |
| Dragonhawk Rider | 8 | |
64 total
» upgrades
| Gunpowder | 3 | |
| Lumber Harvesting | 1 | |
| Barrage | 1 | |
| Plating | 3 | |
| Cloud | 1 | |
9 total
» buildings
| Altar of Kings | 1 | |
| Farm | 13 | |
| Barracks | 2 | |
| Blacksmith | 1 | |
| Arcane Vault | 1 | |
| Keep | 4 | |
| Lumber Mill | 1 | |
| Workshop | 3 | |
| Scout Tower | 11 | |
| Guard Tower | 4 | |
| Cannon Tower | 3 | |
| Town Hall | 2 | |
| Castle | 5 | |
| Gryphon Aviary | 1 | |
52 total
» build order
00:13 Altar of Kings
00:18 Farm
01:11 Farm
01:32 Barracks
01:35 Blacksmith
02:01 Farm
02:08 Arcane Vault
02:49 Barracks
03:37 Farm
05:02 Farm
05:05 Farm
05:28 Keep
05:28 Keep
05:29 Keep
08:00 Lumber Mill
09:04 Workshop
09:05 Workshop
09:27 Scout Tower
09:29 Scout Tower
09:32 Scout Tower
10:05 Workshop
10:27 Guard Tower
10:28 Guard Tower
10:40 Cannon Tower
10:40 Cannon Tower
10:43 Guard Tower
10:44 Guard Tower
11:26 Town Hall
11:54 Farm
11:55 Farm
11:55 Farm
12:59 Farm
13:00 Farm
13:15 Castle
13:15 Castle
13:15 Castle
13:15 Castle
14:35 Scout Tower
14:38 Scout Tower
14:39 Scout Tower
14:43 Scout Tower
15:47 Guard Tower
16:40 Cannon Tower
18:42 Farm
18:46 Farm
27:56 Town Hall
30:57 Scout Tower
30:58 Scout Tower
31:00 Scout Tower
31:45 Cannon Tower
31:52 Scout Tower
90:33 Gryphon Aviary
» items
| Scroll of Regeneration | 1 | |
| Lesser Clarity Potion | 1 | |
2 total
team 2 (winner)

»
balls2dawall.de (
pink | 25 APM | 3539 actions | 139:04)
8 Blademaster
3 Wind Walk
3 Critical Strike
1 Bladestorm
1 Mirror Image
» actions
| Assign group hotkey | 16 | |
| Basic commands | 194 | |
| Build / train | 86 | |
| ESC pressed | 15 | |
| Enter build submenu | 100 | |
| Enter hero's abilities submenu | 8 | |
| Give item / drop item | 5 | |
| Remove unit from queue | 1 | |
| Right click | 1736 | |
| Select / deselect | 534 | |
| Select group hotkey | 500 | |
| Use ability | 344 | |
3539 total
» units
| Peon | 14 | |
| Troll Batrider | 5 | |
| Shaman | 2 | |
| Troll Witch Doctor | 2 | |
| Spirit Walker | 2 | |
| Raider | 1 | |
| Kodo Beast | 1 | |
| Wind Rider | 5 | |
32 total
» upgrades
| Spiked Barricades | 1 | |
| Reinforced Defenses | 1 | |
| Ensnare | 1 | |
| War Drums Damage Increase | 1 | |
| Shaman Training | 2 | |
| Witch Doctor Training | 3 | |
| Spirit Walker Training | 3 | |
| Ranged Weapons | 3 | |
| Melee Weapons | 2 | |
| Envenomed Spears | 1 | |
| Armor | 3 | |
21 total
» buildings
| Altar of Storms | 2 | |
| Orc Burrow | 4 | |
| War Mill | 3 | |
| Watch Tower | 68 | |
| Voodoo Lounge | 2 | |
| Stronghold | 2 | |
| Beastiary | 2 | |
| Fortress | 2 | |
| Great Hall | 4 | |
| Spirit Lodge | 2 | |
| Arcane Tower | 1 | |
92 total
» build order
00:04 Altar of Storms
00:21 Orc Burrow
00:39 War Mill
01:54 Watch Tower
02:08 Orc Burrow
03:13 Watch Tower
03:19 Voodoo Lounge
03:44 Watch Tower
04:16 Watch Tower
04:47 Watch Tower
04:50 Stronghold
04:52 Watch Tower
05:05 Watch Tower
05:21 Watch Tower
05:56 Watch Tower
06:03 Watch Tower
06:37 Watch Tower
06:52 Watch Tower
07:17 Watch Tower
07:17 Watch Tower
07:32 Beastiary
07:33 Beastiary
07:45 Watch Tower
08:50 Watch Tower
09:28 Orc Burrow
09:29 Orc Burrow
10:09 Watch Tower
10:42 Watch Tower
10:43 Watch Tower
10:44 Watch Tower
10:47 Fortress
10:52 Watch Tower
10:57 Watch Tower
11:54 Watch Tower
11:56 Watch Tower
12:43 Watch Tower
12:43 Watch Tower
12:44 Watch Tower
12:45 Watch Tower
12:45 Watch Tower
13:02 Watch Tower
13:03 Watch Tower
13:12 Watch Tower
13:35 Watch Tower
13:36 Watch Tower
13:39 Watch Tower
15:21 Watch Tower
15:23 Watch Tower
15:27 Watch Tower
15:58 Watch Tower
16:00 Watch Tower
16:15 Watch Tower
18:03 Watch Tower
18:13 Watch Tower
19:38 Watch Tower
19:41 Watch Tower
20:46 Watch Tower
20:49 Watch Tower
22:00 Watch Tower
22:04 Watch Tower
23:35 Great Hall
23:45 Great Hall
23:48 Watch Tower
23:51 Watch Tower
24:22 Watch Tower
24:26 Watch Tower
24:42 Watch Tower
24:53 Watch Tower
28:24 Watch Tower
28:25 Watch Tower
28:25 Watch Tower
28:26 Watch Tower
28:27 Watch Tower
28:32 Watch Tower
28:36 Watch Tower
28:39 Watch Tower
28:43 Watch Tower
30:36 Watch Tower
32:03 Great Hall
32:12 Great Hall
32:15 Watch Tower
32:17 Watch Tower
32:19 Watch Tower
35:51 Spirit Lodge
46:16 Arcane Tower
46:33 Stronghold
46:38 War Mill
46:48 War Mill
47:23 Altar of Storms
48:56 Fortress
49:01 Spirit Lodge
49:54 Voodoo Lounge
» items
| Staff of Teleportation | 1 | |
| Boots of Speed | 1 | |
| Lesser Clarity Potion | 5 | |
| Healing Salve | 4 | |
| Orb of Lightning | 1 | |
| Scroll of Town Portal | 2 | |
| Staff of Sanctuary | 1 | |
| Circlet of Nobility | 1 | |
16 total
iggy_the_fisk (
purple | 43 APM | 5945 actions | 139:04)
6 Blood Mage
3 Flame Strike
2 Siphon Mana
1 Summon Phoenix
5 Mountain King
3 Storm Bolt
2 Bash
» actions
| Assign group hotkey | 80 | |
| Basic commands | 29 | |
| Build / train | 96 | |
| Enter build submenu | 54 | |
| Enter hero's abilities submenu | 11 | |
| Give item / drop item | 8 | |
| Right click | 3245 | |
| Select / deselect | 791 | |
| Select group hotkey | 1078 | |
| Use ability | 553 | |
5945 total
» units
| Peasant | 16 | |
| Dragonhawk Rider | 9 | |
25 total
» upgrades
| Masonry | 3 | |
| Lumber Harvesting | 2 | |
| Magic Sentry | 1 | |
| Swords | 2 | |
| Armor | 2 | |
| Animal War Training | 1 | |
11 total
» buildings
| Altar of Kings | 1 | |
| Farm | 7 | |
| Lumber Mill | 1 | |
| Scout Tower | 37 | |
| Arcane Tower | 2 | |
| Guard Tower | 25 | |
| Arcane Vault | 1 | |
| Keep | 1 | |
| Castle | 1 | |
| Arcane Sanctum | 1 | |
| Gryphon Aviary | 1 | |
| Barracks | 1 | |
| Blacksmith | 1 | |
80 total
» build order
00:08 Altar of Kings
00:19 Farm
00:49 Lumber Mill
01:10 Scout Tower
01:36 Arcane Tower
01:55 Scout Tower
02:05 Farm
02:21 Guard Tower
02:23 Scout Tower
03:10 Scout Tower
03:10 Guard Tower
03:41 Guard Tower
03:43 Scout Tower
03:45 Scout Tower
03:52 Arcane Vault
04:10 Guard Tower
04:27 Scout Tower
04:30 Scout Tower
04:39 Guard Tower
04:40 Scout Tower
04:49 Keep
05:02 Guard Tower
05:05 Scout Tower
05:12 Guard Tower
05:28 Guard Tower
05:37 Scout Tower
05:38 Scout Tower
05:40 Guard Tower
05:43 Scout Tower
06:00 Scout Tower
06:16 Guard Tower
06:18 Scout Tower
07:07 Guard Tower
07:13 Scout Tower
07:15 Scout Tower
07:39 Farm
07:40 Farm
07:41 Castle
07:46 Guard Tower
08:05 Scout Tower
08:43 Guard Tower
08:51 Scout Tower
08:53 Scout Tower
08:56 Scout Tower
09:00 Scout Tower
09:08 Scout Tower
09:38 Farm
09:39 Farm
10:30 Guard Tower
12:52 Arcane Sanctum
12:55 Scout Tower
13:25 Guard Tower
13:36 Scout Tower
13:58 Guard Tower
13:59 Scout Tower
14:21 Guard Tower
14:27 Scout Tower
15:12 Guard Tower
15:13 Scout Tower
15:49 Guard Tower
15:50 Scout Tower
16:32 Guard Tower
16:36 Scout Tower
16:37 Scout Tower
16:41 Scout Tower
16:50 Gryphon Aviary
16:53 Barracks
16:54 Blacksmith
17:14 Guard Tower
17:30 Guard Tower
19:38 Farm
20:36 Scout Tower
20:38 Scout Tower
21:48 Guard Tower
21:51 Scout Tower
21:54 Scout Tower
22:23 Guard Tower
22:25 Scout Tower
23:21 Guard Tower
48:20 Arcane Tower
» items
| Scroll of Regeneration | 1 | |
| Lesser Clarity Potion | 1 | |
| Healing Salve | 3 | |
| Boots of Speed | 2 | |
| Staff of Teleportation | 2 | |
| Staff of Sanctuary | 2 | |
| Potion of Healing | 1 | |
| Orb of Lightning | 2 | |
| Scroll of Town Portal | 2 | |
| Mechanical Critter | 2 | |
18 total
IMPEACH_PUTIN (
blue | 19 APM | 2617 actions | 139:04)
5 Archmage
3 Blizzard
2 Brilliance Aura
» actions
| Assign group hotkey | 4 | |
| Basic commands | 46 | |
| Build / train | 66 | |
| Enter build submenu | 43 | |
| Enter hero's abilities submenu | 5 | |
| Give item / drop item | 2 | |
| Right click | 1137 | |
| Select / deselect | 654 | |
| Select group hotkey | 499 | |
| Use ability | 159 | |
2617 total
» units
| Peasant | 12 | |
| Dragonhawk Rider | 3 | |
15 total
» upgrades
| Masonry | 3 | |
| Lumber Harvesting | 2 | |
| Magic Sentry | 1 | |
| Cloud | 1 | |
| Swords | 2 | |
| Armor | 1 | |
| Animal War Training | 1 | |
11 total
» buildings
| Altar of Kings | 1 | |
| Farm | 13 | |
| Scout Tower | 58 | |
| Lumber Mill | 1 | |
| Guard Tower | 22 | |
| Keep | 1 | |
| Castle | 1 | |
| Arcane Sanctum | 1 | |
| Arcane Vault | 1 | |
| Gryphon Aviary | 3 | |
| Blacksmith | 1 | |
| Barracks | 1 | |
104 total
» build order
00:10 Altar of Kings
00:16 Farm
00:55 Farm
01:42 Scout Tower
01:43 Scout Tower
01:50 Lumber Mill
01:58 Scout Tower
02:00 Scout Tower
02:13 Scout Tower
02:15 Scout Tower
02:46 Scout Tower
02:47 Scout Tower
02:55 Scout Tower
02:59 Guard Tower
03:13 Scout Tower
03:21 Guard Tower
03:29 Scout Tower
03:32 Scout Tower
03:36 Guard Tower
03:53 Guard Tower
04:07 Guard Tower
04:17 Scout Tower
04:19 Guard Tower
04:24 Guard Tower
04:31 Scout Tower
04:36 Guard Tower
04:55 Guard Tower
04:59 Scout Tower
05:02 Scout Tower
05:04 Guard Tower
05:08 Scout Tower
05:09 Scout Tower
05:12 Guard Tower
06:05 Guard Tower
06:09 Scout Tower
06:15 Scout Tower
06:18 Scout Tower
06:20 Scout Tower
06:20 Scout Tower
06:26 Scout Tower
06:28 Scout Tower
06:28 Scout Tower
06:29 Scout Tower
06:43 Scout Tower
06:44 Scout Tower
06:45 Scout Tower
06:47 Guard Tower
06:59 Scout Tower
07:04 Scout Tower
07:08 Scout Tower
07:12 Keep
08:01 Guard Tower
08:05 Scout Tower
08:09 Scout Tower
08:25 Scout Tower
08:26 Scout Tower
08:30 Scout Tower
08:31 Scout Tower
08:32 Scout Tower
08:52 Guard Tower
09:01 Guard Tower
09:05 Guard Tower
10:28 Castle
10:33 Arcane Sanctum
11:05 Farm
11:06 Farm
11:11 Arcane Vault
11:26 Guard Tower
12:38 Guard Tower
15:20 Gryphon Aviary
15:22 Gryphon Aviary
15:24 Gryphon Aviary
16:21 Blacksmith
16:28 Scout Tower
16:29 Scout Tower
16:30 Scout Tower
16:32 Scout Tower
16:34 Scout Tower
16:35 Scout Tower
16:36 Scout Tower
16:37 Scout Tower
16:39 Scout Tower
16:41 Scout Tower
16:43 Scout Tower
16:45 Scout Tower
16:47 Scout Tower
16:48 Scout Tower
16:50 Scout Tower
16:52 Scout Tower
16:54 Scout Tower
16:56 Scout Tower
17:11 Farm
17:12 Farm
17:13 Farm
17:15 Farm
17:16 Farm
18:28 Guard Tower
19:21 Guard Tower
19:51 Guard Tower
20:59 Farm
21:00 Farm
21:01 Farm
21:02 Farm
23:38 Barracks
» items
| Boots of Speed | 1 | |
| Staff of Teleportation | 1 | |
| Periapt of Vitality | 1 | |
| Scroll of Regeneration | 4 | |
| Potion of Healing | 2 | |
| Scroll of Town Portal | 1 | |
10 total
seahorse (
red | 85 APM | 11766 actions | 139:05)
7 Archmage
3 Summon Water Elemental
3 Brilliance Aura
1 Mass Teleport
1 Goblin Tinker
1 Pocket Factory
» actions
| Assign group hotkey | 895 | |
| Basic commands | 128 | |
| Build / train | 299 | |
| Enter build submenu | 162 | |
| Enter hero's abilities submenu | 9 | |
| Give item / drop item | 15 | |
| Remove unit from queue | 13 | |
| Right click | 4962 | |
| Select / deselect | 2153 | |
| Select group hotkey | 1914 | |
| Use ability | 1216 | |
11766 total
» units
| Peasant | 21 | |
| Makrura Snapper | 1 | |
| Makrura Deepseer | 2 | |
| Priest | 1 | |
| Sorceress | 2 | |
| Dragonhawk Rider | 11 | |
38 total
» upgrades
| Masonry | 3 | |
| Lumber Harvesting | 2 | |
| Magic Sentry | 1 | |
| Priest Training | 2 | |
| Sorceress Training | 1 | |
| Cloud | 1 | |
| Armor | 2 | |
| Swords | 2 | |
| Animal War Training | 1 | |
| Melee Weapons | | |
15 total
» buildings
| Altar of Kings | 3 | |
| Farm | 17 | |
| Lumber Mill | 2 | |
| Scout Tower | 149 | |
| Guard Tower | 162 | |
| Arcane Tower | 2 | |
| Keep | 5 | |
| Castle | 2 | |
| Town Hall | 2 | |
| Arcane Sanctum | 1 | |
| Arcane Vault | 3 | |
| Gryphon Aviary | 7 | |
| Barracks | 1 | |
| Blacksmith | 1 | |
357 total
» build order
00:05 Altar of Kings
00:06 Altar of Kings
00:20 Farm
00:36 Lumber Mill
01:05 Farm
01:44 Scout Tower
01:47 Scout Tower
01:55 Scout Tower
01:57 Scout Tower
02:12 Guard Tower
02:17 Arcane Tower
02:18 Arcane Tower
02:46 Guard Tower
02:48 Scout Tower
02:49 Scout Tower
03:26 Guard Tower
03:26 Guard Tower
03:27 Scout Tower
03:28 Scout Tower
03:29 Scout Tower
04:06 Farm
04:07 Farm
04:17 Guard Tower
04:19 Scout Tower
04:20 Scout Tower
04:36 Guard Tower
04:37 Guard Tower
04:40 Scout Tower
04:41 Scout Tower
05:20 Guard Tower
05:20 Guard Tower
05:49 Guard Tower
05:49 Guard Tower
05:51 Scout Tower
05:51 Scout Tower
06:37 Keep
06:50 Guard Tower
06:50 Guard Tower
08:16 Farm
08:16 Farm
08:21 Scout Tower
08:23 Scout Tower
08:24 Scout Tower
08:59 Scout Tower
09:00 Scout Tower
09:04 Scout Tower
09:05 Scout Tower
09:05 Scout Tower
09:26 Guard Tower
09:27 Guard Tower
09:38 Scout Tower
09:39 Scout Tower
09:40 Scout Tower
09:43 Castle
10:22 Guard Tower
10:24 Scout Tower
10:25 Scout Tower
10:26 Scout Tower
11:10 Guard Tower
11:12 Scout Tower
11:13 Scout Tower
11:13 Scout Tower
11:21 Scout Tower
11:22 Scout Tower
11:39 Guard Tower
11:44 Scout Tower
11:45 Scout Tower
11:45 Scout Tower
11:46 Guard Tower
12:42 Guard Tower
13:23 Scout Tower
13:24 Scout Tower
13:25 Scout Tower
13:38 Scout Tower
13:38 Scout Tower
13:39 Scout Tower
13:45 Scout Tower
13:45 Scout Tower
13:46 Scout Tower
13:50 Scout Tower
13:50 Scout Tower
13:52 Scout Tower
13:53 Scout Tower
14:35 Guard Tower
14:35 Guard Tower
15:28 Guard Tower
15:28 Guard Tower
15:29 Scout Tower
15:30 Scout Tower
15:31 Scout Tower
15:37 Scout Tower
15:38 Scout Tower
15:39 Scout Tower
16:26 Scout Tower
16:27 Scout Tower
16:27 Scout Tower
16:42 Scout Tower
16:42 Scout Tower
16:43 Scout Tower
16:44 Scout Tower
16:45 Scout Tower
16:46 Scout Tower
17:04 Guard Tower
17:09 Town Hall
17:10 Scout Tower
17:11 Scout Tower
17:12 Scout Tower
17:13 Scout Tower
17:13 Guard Tower
17:14 Guard Tower
17:14 Guard Tower
17:19 Scout Tower
17:20 Guard Tower
17:20 Guard Tower
17:33 Guard Tower
17:34 Guard Tower
18:09 Guard Tower
18:09 Guard Tower
18:09 Guard Tower
18:10 Guard Tower
18:10 Guard Tower
18:29 Scout Tower
18:30 Scout Tower
18:53 Scout Tower
18:54 Scout Tower
19:22 Guard Tower
19:22 Guard Tower
20:13 Scout Tower
20:14 Scout Tower
20:21 Guard Tower
20:21 Guard Tower
20:40 Scout Tower
20:43 Scout Tower
21:04 Guard Tower
21:04 Guard Tower
21:05 Scout Tower
21:05 Scout Tower
21:06 Scout Tower
21:36 Guard Tower
21:36 Guard Tower
22:04 Scout Tower
22:05 Scout Tower
22:20 Arcane Sanctum
22:38 Scout Tower
22:44 Scout Tower
22:46 Scout Tower
22:46 Scout Tower
23:05 Scout Tower
23:06 Scout Tower
23:07 Scout Tower
23:08 Scout Tower
23:16 Guard Tower
23:16 Guard Tower
23:32 Guard Tower
24:14 Scout Tower
24:14 Scout Tower
24:15 Scout Tower
24:37 Guard Tower
24:38 Scout Tower
24:39 Scout Tower
24:52 Guard Tower
24:52 Guard Tower
27:40 Scout Tower
27:40 Scout Tower
27:41 Scout Tower
27:42 Scout Tower
27:42 Scout Tower
27:43 Scout Tower
27:44 Scout Tower
28:22 Guard Tower
28:23 Guard Tower
28:35 Guard Tower
30:16 Scout Tower
30:16 Scout Tower
30:17 Scout Tower
30:18 Scout Tower
31:15 Guard Tower
31:16 Guard Tower
31:16 Guard Tower
31:38 Scout Tower
31:38 Scout Tower
31:58 Guard Tower
31:58 Guard Tower
31:59 Guard Tower
32:06 Guard Tower
32:07 Guard Tower
32:37 Guard Tower
32:38 Scout Tower
32:39 Scout Tower
33:33 Guard Tower
33:33 Guard Tower
34:38 Arcane Vault
35:40 Gryphon Aviary
35:41 Gryphon Aviary
35:42 Gryphon Aviary
35:43 Gryphon Aviary
37:46 Barracks
37:50 Blacksmith
41:10 Gryphon Aviary
41:12 Gryphon Aviary
42:26 Keep
42:27 Keep
42:30 Arcane Vault
43:13 Farm
43:14 Farm
43:14 Farm
43:15 Farm
44:51 Farm
44:52 Farm
44:57 Arcane Vault
46:04 Lumber Mill
47:10 Guard Tower
47:11 Guard Tower
47:11 Guard Tower
47:49 Scout Tower
47:51 Scout Tower
47:58 Scout Tower
48:00 Scout Tower
48:35 Altar of Kings
48:46 Farm
48:52 Farm
48:53 Farm
48:58 Guard Tower
49:24 Scout Tower
49:25 Scout Tower
49:26 Scout Tower
49:26 Scout Tower
49:27 Scout Tower
49:38 Gryphon Aviary
49:43 Farm
49:45 Farm
50:01 Guard Tower
50:04 Scout Tower
50:05 Scout Tower
50:10 Scout Tower
50:10 Scout Tower
50:11 Guard Tower
50:11 Guard Tower
50:11 Guard Tower
50:54 Guard Tower
50:55 Guard Tower
50:56 Scout Tower
50:56 Scout Tower
51:02 Scout Tower
51:03 Guard Tower
51:06 Scout Tower
51:07 Scout Tower
51:08 Scout Tower
51:10 Scout Tower
51:32 Guard Tower
51:32 Guard Tower
51:33 Guard Tower
51:35 Scout Tower
51:36 Scout Tower
52:05 Guard Tower
52:05 Guard Tower
52:05 Guard Tower
52:13 Scout Tower
52:16 Scout Tower
53:06 Guard Tower
53:06 Guard Tower
53:06 Guard Tower
53:07 Guard Tower
53:07 Guard Tower
53:07 Guard Tower
53:12 Scout Tower
53:13 Scout Tower
53:16 Scout Tower
54:01 Guard Tower
54:01 Guard Tower
54:03 Scout Tower
55:34 Guard Tower
55:34 Guard Tower
55:34 Guard Tower
57:03 Town Hall
57:52 Scout Tower
57:58 Scout Tower
57:59 Scout Tower
58:22 Guard Tower
58:22 Guard Tower
58:22 Guard Tower
58:28 Scout Tower
58:33 Scout Tower
58:35 Scout Tower
58:36 Scout Tower
59:15 Guard Tower
59:15 Guard Tower
59:15 Guard Tower
59:17 Guard Tower
59:17 Guard Tower
59:17 Guard Tower
59:18 Guard Tower
59:18 Guard Tower
59:36 Guard Tower
59:36 Guard Tower
59:36 Guard Tower
60:04 Scout Tower
60:39 Guard Tower
60:44 Scout Tower
60:45 Scout Tower
60:51 Guard Tower
60:52 Guard Tower
63:04 Guard Tower
» items
| Potion of Healing | 5 | |
| Scroll of Town Portal | 3 | |
| Healing Salve | 3 | |
| Lesser Clarity Potion | 1 | |
| Staff of Teleportation | 1 | |
| Ivory Tower | 25 | |
| Mechanical Critter | 2 | |
40 total
Chat log
(00:04 / All) h43rYs: tr?
(00:26 / Allies) seahorse: i gotte
(00:30 / Allies) balls2dawall.de: moi.
(00:41 / Allies) IMPEACH_PUTIN: so
(00:42 / Allies) seahorse: getting archmage
(00:44 / Allies) seahorse: let me creep please
(00:44 / Allies) IMPEACH_PUTIN: for me?
(01:01 / All) GoodStuffix: Fu rus
(01:06 / All) GoodStuffix: FU stalin hahaha
(01:11 / All) h43rYs: :((
(01:11 / Allies) seahorse: sweet
(01:15 / All) h43rYs: ehhh
(01:18 / Allies) IMPEACH_PUTIN: is this
(01:22 / Allies) IMPEACH_PUTIN: how it is in eu
(01:27 / Allies) IMPEACH_PUTIN: they make fun of your homeland
(01:29 / Allies) IMPEACH_PUTIN: and thats it
(01:29 / Allies) seahorse: nationalism rampant
(01:33 / Allies) balls2dawall.de: russians hate everybody/everybody hate russia
(01:38 / Allies) balls2dawall.de: kida like east with brazil
(01:48 / Allies) seahorse: i hate ger
(01:49 / Allies) seahorse: too
(01:52 / Allies) seahorse: but there's so many
(01:52 / Allies) iggy_the_fisk: sorry i mean shitty countries
(02:15 / Allies) seahorse: this has better be woerth it..
(02:19 / Allies) seahorse: i'm going for mass teleport
(02:22 / Allies) seahorse: so we can mountaineer
(02:27 / Allies) balls2dawall.de: oteigh
(02:29 / Allies) seahorse: actually no ne
(02:34 / Allies) balls2dawall.de: yeah wont fit
(02:40 / Allies) balls2dawall.de: get that zig
(02:43 / Allies) seahorse: wanna do an ivory perch?
(02:44 / Allies) balls2dawall.de: i got aco
(02:45 / Allies) balls2dawall.de: get zig
(02:47 / Allies) balls2dawall.de: zig
(02:48 / Allies) balls2dawall.de: zig
(02:49 / Allies) balls2dawall.de: zig
(02:49 / Allies) balls2dawall.de: zgi
(02:50 / Allies) balls2dawall.de: zig
(02:50 / Allies) balls2dawall.de: zig
(02:51 / Allies) balls2dawall.de: zig
(02:52 / Allies) balls2dawall.de: zig
(02:52 / Allies) balls2dawall.de: zig
(03:56 / Allies) balls2dawall.de: 2 crypt
(04:00 / Allies) balls2dawall.de: we delayed his rush at least
(04:06 / Allies) balls2dawall.de: hitting his zig again
(05:37 / Allies) balls2dawall.de: lan da zar
(05:41 / Allies) seahorse: yea....
(05:42 / Allies) seahorse: what of it
(06:32 / Allies) balls2dawall.de: ocming
(06:44 / Allies) seahorse: leave all oranges for me please
(06:46 / Allies) seahorse: it's vital to our success
(07:06 / Allies) balls2dawall.de: sentry ward
(07:32 / Allies) seahorse: blade?
(07:37 / Allies) seahorse: they got doomhorn
(07:44 / Allies) seahorse: ep what are you doing
(07:45 / Allies) seahorse: out
(08:31 / Allies) balls2dawall.de: got dusted
(08:34 / Allies) seahorse: busted
(10:08 / Allies) seahorse: brb going for 5 real quick
(11:50 / Allies) seahorse: ok got 5
(11:52 / Allies) seahorse: time to harass them
(12:40 / Allies) balls2dawall.de: help me tower
(13:29 / Allies) seahorse: btw mercs have tangle
(13:31 / Allies) seahorse: good against mort
(14:05 / Allies) seahorse: kill some fiend
(15:21 / Allies) seahorse: god damn
(15:23 / Allies) seahorse: so close to 6
(15:55 / Allies) balls2dawall.de: lum
(16:07 / Allies) seahorse: sending a Team
(16:10 / Allies) iggy_the_fisk: go
(16:14 / Allies) iggy_the_fisk: bm
(16:38 / Allies) seahorse: anyone have bloodm?
(16:44 / Allies) iggy_the_fisk: yea
(16:48 / Allies) seahorse: get him to 6
(16:56 / Allies) seahorse: will help with perching
(17:25 / Allies) seahorse: alright sending down the landy
(17:57 / Allies) seahorse: need 80 more exp
(18:09 / Allies) balls2dawall.de: freakin owl
(18:18 / Allies) balls2dawall.de: cut a path
(18:19 / Allies) balls2dawall.de: wait nm
(18:26 / Allies) seahorse: do we have aa?
(18:33 / Allies) iggy_the_fisk: startin hawks
(18:36 / Allies) balls2dawall.de: making some abt dhawk would be best.
(18:44 / Allies) balls2dawall.de: kill that guy
(19:02 / Allies) balls2dawall.de: im full
(19:03 / Allies) balls2dawall.de: pick up
(19:30 / Allies) balls2dawall.de: dam tried to kill in time for oy
(20:00 / Allies) seahorse: still a long time until we gotta worry about perch
(20:08 / Allies) seahorse: i hold top
(20:09 / Allies) seahorse: take care of bot
(20:41 / Allies) iggy_the_fisk: lich
(20:41 / Allies) iggy_the_fisk: go
(20:47 / Allies) iggy_the_fisk: ah no bm
(20:57 / Allies) balls2dawall.de: gogog
(21:03 / Allies) iggy_the_fisk: hammer ready
(21:24 / Allies) iggy_the_fisk: lol
(21:47 / Allies) seahorse: well got 6
(21:59 / Allies) seahorse: head here if you got time
(22:07 / Allies) seahorse: we need this expo
(22:08 / Allies) seahorse: to make it even
(22:12 / Allies) balls2dawall.de: do we have a priest
(22:17 / Allies) seahorse: will make
(22:29 / Allies) seahorse: some aa
(22:30 / Allies) seahorse: ty
(22:32 / Allies) seahorse: watch out for raider
(22:42 / Allies) balls2dawall.de: clear tree
(22:44 / Allies) balls2dawall.de: with flamestrike
(22:46 / Allies) balls2dawall.de: i make a min
(22:47 / Allies) balls2dawall.de: main
(22:55 / Allies) seahorse: wisps there
(22:57 / Allies) balls2dawall.de: lemme
(23:20 / Allies) seahorse: ep
(23:23 / Allies) seahorse: upgrade your dhawk
(23:25 / Allies) IMPEACH_PUTIN: si senor?
(23:30 / Allies) seahorse: hp upgrade namely
(23:31 / Allies) IMPEACH_PUTIN: am
(23:34 / Allies) IMPEACH_PUTIN: o
(24:14 / Allies) iggy_the_fisk: man they losing shit
(24:20 / Allies) iggy_the_fisk: won't need to mine all of that expo
(24:27 / Allies) seahorse: they have two expos tho
(24:33 / Allies) seahorse: we been harassing them so hard they're still full
(25:04 / Allies) seahorse: need mk
(25:10 / Allies) balls2dawall.de: kill that btich
(25:43 / Allies) seahorse: rack 'em
(25:54 / Allies) seahorse: those fuckin tank thop
(26:02 / Allies) seahorse: nice trp
(26:24 / Allies) balls2dawall.de: blade almost out
(26:40 / Allies) balls2dawall.de: dk
(26:52 / Allies) seahorse: we need to stay on bot for a long time yet
(27:15 / Allies) balls2dawall.de: clear more tree
(27:33 / Allies) seahorse: makings ome priest
(27:59 / Allies) seahorse: hu wants to exp
(28:55 / Allies) IMPEACH_PUTIN: should i make dome d hawks
(29:00 / Allies) IMPEACH_PUTIN: if so give me gold
(29:03 / Allies) seahorse: not that much air anymore
(29:04 / Allies) seahorse: that i see
(29:12 / Allies) balls2dawall.de: need mad strikes
(29:16 / Allies) iggy_the_fisk: just more tanks
(29:17 / Allies) seahorse: coming with aura
(29:30 / Allies) seahorse: hit that tol
(29:36 / Allies) seahorse: ah i see mass nuke
(29:47 / Allies) seahorse: cancelled tol again..
(30:01 / Allies) seahorse: gonna distance it
(30:03 / Allies) seahorse: until we sort this out
(30:11 / Allies) seahorse: freaking trees tho
(30:35 / Allies) iggy_the_fisk: potm free mana
(30:38 / Allies) iggy_the_fisk: with a reveal
(30:41 / Allies) seahorse: i have orb
(30:47 / Allies) seahorse: work on that naer ap
(30:48 / Allies) seahorse: that's hitting my dudes
(30:49 / Allies) seahorse: please
(31:01 / Allies) balls2dawall.de: dk
(31:31 / Allies) seahorse: mad hu tower
(31:51 / Allies) iggy_the_fisk: mad tavres
(32:07 / Allies) iggy_the_fisk: and tankusu
(32:23 / Allies) seahorse: they gonna rootwalk it
(32:27 / Allies) balls2dawall.de: im oog
(32:58 / All) seahorse: g*d damn... shouldnt have spent so much gold on towers i guess...gg
(33:11 / Allies) balls2dawall.de: toss me some money + stop mining please
(33:28 / Allies) seahorse: i'll stop mining when i'm good and erady
(33:41 / Allies) balls2dawall.de: freak u
(34:03 / Allies) iggy_the_fisk: bm almost 6 they losing so much
(34:11 / Allies) seahorse: the peonline will switch to repair
(34:14 / Allies) seahorse: when that wave hits
(34:22 / Allies) balls2dawall.de: piece
(34:30 / Allies) IMPEACH_PUTIN: can i get 101 gold
(34:31 / Allies) IMPEACH_PUTIN: for hero
(34:44 / Allies) seahorse: getting a tonker
(34:46 / Allies) iggy_the_fisk: bm ready
(34:50 / Allies) seahorse: for the climb
(34:51 / Allies) iggy_the_fisk: let's nuke the pit lord or something
(34:56 / Allies) iggy_the_fisk: well there he is
(35:11 / Allies) balls2dawall.de: lich imo
(35:55 / Allies) seahorse: they gonna run out of gold before we do
(35:56 / Allies) seahorse: that's not good
(36:00 / Allies) balls2dawall.de: yeah
(36:02 / Allies) seahorse: gonna start prepping the perch
(36:02 / Allies) balls2dawall.de: lets work on perch
(36:04 / Allies) iggy_the_fisk: told ya
(36:06 / Allies) seahorse: we can't mine out this whole thing
(36:12 / Allies) balls2dawall.de: nah we leave 50%
(36:19 / Allies) seahorse: thinking of a good plan of attack
(36:21 / Allies) seahorse: for the mountain
(36:25 / Allies) seahorse: need to requisition bloodmage
(36:36 / Allies) iggy_the_fisk: grav away
(36:48 / Allies) seahorse: should be doable
(37:00 / Allies) IMPEACH_PUTIN: should i get another hero?
(37:02 / Allies) seahorse: though having firebird would make it a lot easier
(37:04 / Allies) IMPEACH_PUTIN: possibly pitlord?
(37:10 / Allies) seahorse: dont really think so
(37:13 / Allies) iggy_the_fisk: he gonna get fbird eventually
(37:14 / Allies) seahorse: it won't get to a meaningful level
(37:17 / Allies) iggy_the_fisk: soon they tank our expo
(37:20 / Allies) iggy_the_fisk: should proabaly let em
(37:26 / Allies) seahorse: yeah maybe
(37:33 / Allies) seahorse: they still have to go through all our bases too
(37:41 / Allies) seahorse: during that time they'll lose countless gold
(37:49 / Allies) balls2dawall.de: harumph
(37:56 / Allies) balls2dawall.de: aw sweet
(38:00 / Allies) balls2dawall.de: i think i can get ground units up top
(38:05 / Allies) balls2dawall.de: if i lose all my buildings
(38:07 / Allies) balls2dawall.de: then make ivory
(38:08 / Allies) seahorse: staffing?
(38:09 / Allies) seahorse: yeah
(38:10 / Allies) iggy_the_fisk: y ep
(38:11 / Allies) balls2dawall.de: ui might be able to staff
(38:12 / Allies) seahorse: i was thinking about that
(38:13 / Allies) seahorse: seems doable
(38:15 / Allies) iggy_the_fisk: not might
(38:17 / Allies) iggy_the_fisk: it will work
(38:20 / Allies) balls2dawall.de: no
(38:20 / Allies) iggy_the_fisk: i guarantee it
(38:22 / Allies) iggy_the_fisk: it's an iggy promise
(38:24 / Allies) balls2dawall.de: it might not staff it to tower
(38:27 / Allies) balls2dawall.de: staff is weird like that
(38:33 / Allies) seahorse: okay
(38:34 / Allies) seahorse: settlers away
(38:42 / Allies) iggy_the_fisk: leaving this line
(38:53 / Allies) iggy_the_fisk: they gonna have
(38:54 / Allies) iggy_the_fisk: 0 air
(39:10 / Allies) iggy_the_fisk: gold me 50 buckos
(39:19 / Allies) balls2dawall.de: ;let them
(39:20 / Allies) balls2dawall.de: kill
(39:25 / Allies) iggy_the_fisk: don't do jack
(39:44 / Allies) iggy_the_fisk: they still losing to tows :(
(39:51 / Allies) balls2dawall.de: lmao
(40:18 / All) iggy_the_fisk: Noobstress of the moon...
(41:00 / Allies) seahorse: this is the summit
(41:11 / Allies) balls2dawall.de: u a brave man
(41:20 / Allies) balls2dawall.de: lets get the show on the road though please
(41:29 / Allies) balls2dawall.de: staff got mad long cooldown
(41:31 / Allies) seahorse: crap i'm not gonna get full upgs
(41:32 / Allies) balls2dawall.de: and i got some units going up
(41:55 / Allies) balls2dawall.de: some dhawk
(42:05 / Allies) seahorse: shit upgrades though
(42:31 / Allies) balls2dawall.de: clear main mountain so i cna put a tower please
(42:41 / Allies) balls2dawall.de: i need to hurry with staff
(42:56 / Allies) seahorse: you can staff now
(43:12 / Allies) balls2dawall.de: fuck me
(43:16 / Allies) balls2dawall.de: somebody staff me up an ivory
(43:16 / Allies) balls2dawall.de: please
(43:24 / Allies) seahorse: in a min
(43:26 / Allies) seahorse: need to get tier 2
(43:30 / Allies) balls2dawall.de: qvickly......
(43:42 / Allies) seahorse: actually i can use purpos
(43:43 / Allies) iggy_the_fisk: gold me
(43:57 / All) GoodStuffix: ?
(44:07 / All) seahorse: we noob x_x
(44:09 / Allies) balls2dawall.de: ivory plz.
(44:24 / Allies) iggy_the_fisk: critters
(44:26 / Allies) iggy_the_fisk: mayb
(44:59 / Allies) seahorse: buy ivories here
(45:26 / Allies) balls2dawall.de: kill my buildings please
(45:27 / Allies) iggy_the_fisk: pick me up ivory + light orb
(45:29 / Allies) iggy_the_fisk: if you could
(45:34 / Allies) iggy_the_fisk: since some1 stole my staff
(46:02 / Allies) iggy_the_fisk: i need a tow too
(46:10 / Allies) iggy_the_fisk: for staff
(46:24 / Allies) seahorse: will bring some for ya
(46:30 / Allies) IMPEACH_PUTIN: are you gonna mass tp
(46:34 / Allies) IMPEACH_PUTIN: these?
(46:47 / Allies) seahorse: time will tell
(47:04 / Allies) seahorse: who needed for staff?
(47:07 / Allies) balls2dawall.de: upg
(47:10 / Allies) iggy_the_fisk: me
(47:19 / Allies) seahorse: okay keep clearing the perch
(47:21 / Allies) seahorse: i'm bringing worker
(48:11 / Allies) iggy_the_fisk: gold
(48:11 / Allies) balls2dawall.de: lum
(48:12 / Allies) iggy_the_fisk: 100
(48:35 / Allies) seahorse: thanks
(48:37 / Allies) seahorse: lum is important for me
(48:41 / Allies) balls2dawall.de: need to get healing ward
(49:22 / All) GoodStuffix: ty
(49:39 / Allies) iggy_the_fisk: mak shop pinko
(49:48 / All) h43rYs: LOOL?
(50:38 / Allies) seahorse: hide these units then
(50:43 / Allies) balls2dawall.de: they hidden
(51:23 / Allies) IMPEACH_PUTIN: n1
(51:42 / Allies) seahorse: where is bloodm
(51:49 / Allies) iggy_the_fisk: below
(51:51 / Allies) seahorse: perch still gotta be deforested
(51:51 / Allies) iggy_the_fisk: where u want
(51:58 / Allies) seahorse: this other mountain
(52:02 / Allies) seahorse: and over yonder
(52:26 / Allies) balls2dawall.de: do we have critter
(52:29 / Allies) iggy_the_fisk: yea
(52:30 / Allies) iggy_the_fisk: got sme
(52:32 / Allies) balls2dawall.de: ok
(52:38 / Allies) IMPEACH_PUTIN: how are you gonna get
(52:45 / Allies) IMPEACH_PUTIN: ur orc casters up here?
(52:51 / Allies) seahorse: theoretical perch physics
(52:51 / Allies) IMPEACH_PUTIN: w/ no hall?
(52:56 / Allies) balls2dawall.de: do we need shop
(53:00 / Allies) balls2dawall.de: i need to kill buildings off
(53:01 / Allies) seahorse: doubt it
(53:02 / Allies) iggy_the_fisk: i got mine
(53:06 / Allies) balls2dawall.de: there an orb soon
(53:08 / Allies) balls2dawall.de: anybody need.
(53:20 / Allies) iggy_the_fisk: l2 brilliance gah...
(53:28 / Allies) seahorse: i got 3
(54:02 / Allies) IMPEACH_PUTIN: what a waste
(54:08 / Allies) IMPEACH_PUTIN: (that axe
(54:15 / Allies) balls2dawall.de: i have 1 raider
(54:16 / Allies) IMPEACH_PUTIN: what melee you need that 4?
(54:19 / Allies) balls2dawall.de: what else is my gold going to
(54:32 / Allies) seahorse: i can think of many things
(54:34 / Allies) seahorse: dont waste gold
(54:35 / Allies) iggy_the_fisk: moneybags over here
(54:36 / Allies) balls2dawall.de: mata mine this
(54:38 / Allies) seahorse: we don't really have gold
(54:42 / Allies) balls2dawall.de: im killing my shit
(54:45 / Allies) balls2dawall.de: ugh
(54:46 / Allies) balls2dawall.de: fine
(54:47 / Allies) iggy_the_fisk: they have 0 gold
(54:48 / Allies) seahorse: mine a smuch as poss
(54:48 / Allies) iggy_the_fisk: and 0 air
(55:06 / Allies) seahorse: disc?
(55:11 / Allies) IMPEACH_PUTIN: woah
(55:11 / Allies) balls2dawall.de: crap
(55:13 / Allies) IMPEACH_PUTIN: that just me?
(55:15 / Allies) balls2dawall.de: i thought i disc
(55:18 / Allies) balls2dawall.de: i was like welp
(55:19 / Allies) iggy_the_fisk: scary
(55:20 / Allies) balls2dawall.de: k
(55:29 / Allies) seahorse: eu does that sometimes
(55:39 / Allies) iggy_the_fisk: brilliance staffs away
(55:55 / Allies) iggy_the_fisk: but at least i have lumber
(55:59 / Allies) seahorse: going topside
(56:06 / Allies) balls2dawall.de: which should be first unit to go up.
(56:27 / Allies) iggy_the_fisk: 2 hippois wohoo
(56:31 / Allies) iggy_the_fisk: gonna be a wild perch defense
(56:40 / Allies) balls2dawall.de: yeah
(56:43 / Allies) balls2dawall.de: im gonna give them some gold
(56:57 / Allies) balls2dawall.de: lmfao!
(57:00 / Allies) iggy_the_fisk: awhups!
(57:04 / Allies) seahorse: hiding a main
(57:08 / Allies) seahorse: so we can reveal when we're good and ready
(57:27 / Allies) IMPEACH_PUTIN: cant you build one in this bottom left corner
(57:42 / Allies) seahorse: no
(57:44 / Allies) seahorse: the big black mountains
(57:45 / Allies) seahorse: are in the way
(57:46 / Allies) balls2dawall.de: witch doc going next imo
(57:55 / Allies) seahorse: dang can't believe that works
(58:03 / Allies) seahorse: send a peon maybe
(58:04 / Allies) seahorse: if you have
(58:07 / Allies) balls2dawall.de: chop that tree
(58:32 / Allies) balls2dawall.de: these dhawk obstructing my view
(58:35 / Allies) balls2dawall.de: can we do something about that
(58:42 / Allies) seahorse: yeah a cramped perch but i really like the scenery
(59:03 / Allies) seahorse: right should cancel taht
(59:14 / Allies) iggy_the_fisk: i want right island so they can at least siege
(59:17 / Allies) iggy_the_fisk: well
(59:29 / Allies) iggy_the_fisk: or they can just get really angry
(59:31 / Allies) seahorse: they can sfall
(59:34 / Allies) balls2dawall.de: they can siege those tower
(59:38 / Allies) seahorse: yeah
(59:45 / Allies) seahorse: we can go down to lower level
(59:46 / Allies) seahorse: to defend against it
(60:08 / Allies) IMPEACH_PUTIN: aight
(60:11 / Allies) IMPEACH_PUTIN: its prty late here
(60:19 / Allies) balls2dawall.de: prty early nerd.
(60:23 / Allies) IMPEACH_PUTIN: yeah
(60:26 / Allies) IMPEACH_PUTIN: imma gng
(60:28 / Allies) seahorse: pease
(60:30 / Allies) balls2dawall.de: g
(60:30 / Allies) IMPEACH_PUTIN: want me to leave game up?
(60:31 / Allies) balls2dawall.de: n
(60:31 / Allies) balls2dawall.de: g
(60:33 / Allies) balls2dawall.de: if you want.
(60:52 / Allies) balls2dawall.de: big black mountain is gay too
(60:54 / Allies) seahorse: yeah
(60:58 / Allies) seahorse: could fit main
(61:00 / Allies) seahorse: if it weren't for that
(61:03 / Allies) balls2dawall.de: its like a dick i my face
(61:09 / Allies) balls2dawall.de: just laughing at me
(61:14 / Allies) seahorse: a big laughin dick
(61:20 / All) iggy_the_fisk: damn...
(61:21 / Allies) balls2dawall.de: chompa_da_kodo_kid
(61:45 / Allies) iggy_the_fisk: firelord
(61:52 / Allies) balls2dawall.de: remember that game we hit up all 4 corner
(61:52 / Allies) iggy_the_fisk: they got all the shittiest shit
(62:02 / Allies) balls2dawall.de: this island was insaneo
(62:03 / Allies) seahorse: yeah
(62:07 / Allies) seahorse: yomps all over
(62:12 / Allies) balls2dawall.de: this island you cannot get on
(62:17 / Allies) seahorse: we tried so hard tho
(62:19 / Allies) seahorse: & got so far
(62:22 / Allies) balls2dawall.de: yeah
(62:25 / Allies) balls2dawall.de: then undead killed us
(62:26 / Allies) seahorse: how can it be impossible
(62:32 / Allies) seahorse: i dont think it is
(62:41 / Allies) seahorse: did we have mortar last time?
(62:45 / Allies) balls2dawall.de: no
(62:50 / Allies) balls2dawall.de: do we this time
(62:52 / Allies) seahorse: na
(63:01 / All) iggy_the_fisk: naabies...
(63:02 / Allies) balls2dawall.de: upg
(63:07 / All) GoodStuffix: GG noobz
(63:13 / All) balls2dawall.de: fuck u fat russia
(63:13 / Allies) iggy_the_fisk: finaly
(63:19 / All) iggy_the_fisk: suck dick noobie...
(63:24 / All) iggy_the_fisk: Only win cuz imba starfall
(63:25 / All) GoodStuffix: GG
(63:26 / All) iggy_the_fisk: no wait noobfall
(63:27 / All) GoodStuffix: AHHAHAHAHHA
(63:27 / All) balls2dawall.de: id cream in ur eye
(63:28 / All) GoodStuffix: AHHAHAHHA
(63:29 / All) GoodStuffix: AHAHAHHA
(63:35 / Allies) seahorse: do they have volcano?
(63:37 / All) balls2dawall.de: fuck u say that to my face from?
(63:41 / All) GoodStuffix: AHHAHAH
(63:42 / All) GoodStuffix: AHHAHA
(63:43 / All) GoodStuffix: AHHAHAHA
(63:44 / All) GoodStuffix: FU]
(63:45 / All) iggy_the_fisk: gimme potm see how it works... i win gg no re...
(64:41 / All) iggy_the_fisk: there it goes...
(64:49 / All) iggy_the_fisk: can't kill towers witoute noobfaall
(64:51 / All) GoodStuffix: GG NOOBZ
(64:54 / All) h43rYs: GG xD
(64:57 / All) h43rYs: buhahahahaahhaha
(64:58 / All) h43rYs: naps
(64:59 / All) GoodStuffix: tower noobz
(65:02 / Allies) balls2dawall.de: these 2 tow
(65:06 / Allies) balls2dawall.de: gonna kill eachother
(65:41 / Allies) seahorse: started reveal timer
(65:46 / Allies) iggy_the_fisk: gon be sweet
(65:49 / Allies) seahorse: surprise t-minus 2 minutes
(65:50 / Allies) iggy_the_fisk: our hidden workers
(65:51 / Allies) iggy_the_fisk: will fall
(65:58 / Allies) balls2dawall.de: this a good hide.
(66:07 / Allies) balls2dawall.de: a bad lazy hide
(66:11 / Allies) balls2dawall.de: some oob shit?
(66:12 / Allies) seahorse: yea well
(66:12 / Allies) balls2dawall.de: noob
(66:13 / Allies) iggy_the_fisk: not a hide
(66:16 / Allies) iggy_the_fisk: but
(66:17 / Allies) iggy_the_fisk: hey
(66:21 / Allies) balls2dawall.de: more like a frollick in da marsh
(66:35 / Allies) seahorse: turns into a good hide
(66:37 / Allies) seahorse: atleast until daytime
(66:38 / Allies) balls2dawall.de: i hate this mntn
(66:45 / Allies) balls2dawall.de: only mntn in game i truly hate...
(67:05 / Allies) iggy_the_fisk: critters reporting live
(67:08 / Allies) iggy_the_fisk: of armies searching
(67:11 / Allies) balls2dawall.de: hop mister frog
(67:12 / Allies) balls2dawall.de: yo
(67:15 / All) iggy_the_fisk: huahaha how u gonna kill invisible base...
(67:16 / Allies) balls2dawall.de: a few nights ago
(67:18 / All) iggy_the_fisk: Noobs don't have detect...
(67:19 / Allies) balls2dawall.de: at like 4am
(67:27 / Allies) balls2dawall.de: i was wathcing some shit on discovery channel HD
(67:35 / Allies) balls2dawall.de: it was in africa
(67:38 / All) seahorse: surprise, cockfags - borat
(67:42 / Allies) balls2dawall.de: and they had these secret cameras everywhere
(67:44 / All) h43rYs: buhahahaha GG
(67:47 / Allies) seahorse: peon didn't make it
(67:50 / Allies) balls2dawall.de: one camera was inside a fake turtle on wheels
(68:01 / Allies) iggy_the_fisk: my hide won suck it
(68:05 / Allies) balls2dawall.de: oe camera was o tiny helicopter thing like dragonfly
(68:18 / Allies) balls2dawall.de: one camera was on a floating hippo head
(68:19 / Allies) balls2dawall.de: was sweet
(68:31 / All) balls2dawall.de: hi welcome 2 our humble adobe
(68:34 / All) seahorse: hello und wilkommen
(68:39 / Allies) balls2dawall.de: our humble adobe acrobat
(68:50 / Allies) balls2dawall.de: our humble adobe photoshop cs2
(68:50 / Allies) seahorse: abode
(68:51 / Allies) seahorse: adobe
(68:53 / Allies) seahorse: crazy
(68:55 / Allies) seahorse: never noticed
(68:56 / Allies) iggy_the_fisk: adobe
(68:57 / Allies) iggy_the_fisk: flash
(68:58 / Allies) seahorse: means kind of the same thing
(69:05 / Allies) seahorse: except pronounced differently
(69:08 / Allies) IMPEACH_PUTIN: u wanna rage war
(69:09 / Allies) seahorse: abode and adobie basically
(69:10 / Allies) IMPEACH_PUTIN: on my abode
(69:13 / Allies) IMPEACH_PUTIN: o_o
(69:13 / Allies) seahorse: @_@
(69:14 / Allies) seahorse: no thx
(69:16 / Allies) IMPEACH_PUTIN: i dont think so
(69:16 / Allies) balls2dawall.de: abode is like a house adobe is a company
(69:27 / Allies) seahorse: adobe is like a shitty house
(69:28 / Allies) seahorse: made of mud
(69:30 / Allies) seahorse: and straw
(69:36 / All) GoodStuffix: GG noobz
(69:36 / Allies) balls2dawall.de: oh really
(69:37 / Allies) IMPEACH_PUTIN: adobe
(69:39 / All) balls2dawall.de: gg lmfao!
(69:41 / Allies) IMPEACH_PUTIN: native american
(69:45 / Allies) iggy_the_fisk: balls2dawall.de
(69:45 / Allies) IMPEACH_PUTIN: mud hut
(69:46 / Allies) iggy_the_fisk: hates
(69:49 / Allies) balls2dawall.de: we call them indians around here
(69:49 / Allies) iggy_the_fisk: magic sentry
(69:52 / Allies) balls2dawall.de: yo look who it is
(69:57 / Allies) balls2dawall.de: e"gng"p
(70:05 / Allies) IMPEACH_PUTIN: i am goin 2 bed now
(70:07 / Allies) balls2dawall.de: my gift 2 dem
(70:08 / Allies) IMPEACH_PUTIN: lots of things to do
(70:11 / Allies) IMPEACH_PUTIN: before sleep
(70:12 / Allies) balls2dawall.de: hope they use wisle
(70:15 / Allies) balls2dawall.de: wisely...
(70:26 / All) seahorse: u lose
(70:29 / All) iggy_the_fisk: can ur noobtanks fly huahaha
(70:30 / Allies) balls2dawall.de: for welemental
(70:31 / Allies) seahorse: wow damn
(70:37 / Allies) seahorse: the difference in elevation
(70:42 / Allies) seahorse: is staggering and not immediately noticeable
(70:43 / Allies) balls2dawall.de: oh crap.
(70:50 / Allies) iggy_the_fisk: we wanna go down?
(70:53 / Allies) iggy_the_fisk: they have no air
(70:53 / Allies) balls2dawall.de: nope
(71:03 / Allies) seahorse: this mountain is expendable
(71:09 / Allies) seahorse: am thinking, any way for them to go up
(71:10 / Allies) seahorse: ?
(71:13 / Allies) seahorse: i guess the same way we did
(71:17 / Allies) seahorse: but they can only bring heroes
(71:19 / Allies) IMPEACH_PUTIN: buy tinker
(71:21 / Allies) IMPEACH_PUTIN: and tp
(71:24 / Allies) IMPEACH_PUTIN: stick
(71:31 / Allies) IMPEACH_PUTIN: but they all got 3 heros
(71:40 / Allies) iggy_the_fisk: most of them incredibly shitty
(71:49 / Allies) iggy_the_fisk: like offensively
(71:58 / Allies) balls2dawall.de: did teal get tri hero
(72:14 / Allies) seahorse: ui was close to hitting x for tinker
(72:18 / Allies) seahorse: no wait that's alch
(72:21 / Allies) seahorse: i was close to hitting z
(72:22 / Allies) seahorse: for tinker
(72:28 / Allies) seahorse: would have gotten me some wierd hero
(72:30 / Allies) seahorse: dispatched
(72:56 / Allies) seahorse: next tiem dont noob
(73:00 / Allies) seahorse: i could have shackled those just as well
(73:08 / Allies) seahorse: and dont lose heroes
(73:09 / Allies) balls2dawall.de: hahaha
(73:16 / Allies) iggy_the_fisk: noooooo
(73:17 / Allies) balls2dawall.de: oh lawdy
(73:48 / Allies) seahorse: i'm going down to main island
(73:54 / Allies) seahorse: they're never going to figure out how to get up anyway
(74:46 / All) balls2dawall.de: lmfao!
(74:57 / All) balls2dawall.de: gg!
(75:01 / All) iggy_the_fisk: just bring your noobtanks....
(75:20 / All) tititi-bobasq: ill bring ur ass..
(75:26 / Allies) balls2dawall.de: frog got some weird freakin eyes
(75:39 / Allies) iggy_the_fisk: only on n64
(75:39 / Allies) seahorse: not attached
(75:55 / Allies) balls2dawall.de: he looks like a cat or some shit
(75:57 / Allies) balls2dawall.de: a green cat
(75:59 / Allies) balls2dawall.de: or a rabbit
(76:01 / Allies) balls2dawall.de: with no ears.
(76:03 / Allies) seahorse: looks like a stuffed toy
(76:25 / Allies) balls2dawall.de: look how ripped wind rider is
(76:29 / Allies) balls2dawall.de: are those his abs or armor.
(76:35 / Allies) iggy_the_fisk: or
(76:38 / Allies) seahorse: armor
(76:38 / Allies) balls2dawall.de: man
(76:39 / Allies) iggy_the_fisk: just corn
(76:44 / Allies) iggy_the_fisk: taped to his belly
(76:46 / Allies) balls2dawall.de: wyvern and dryad just twirl they spear all day long
(76:52 / Allies) balls2dawall.de: somebody gonna get an eye poked out
(76:55 / Allies) seahorse: they could do that parade thing
(77:00 / Allies) seahorse: where you twirl sticks
(77:00 / Allies) balls2dawall.de: baton
(77:09 / Allies) seahorse: i can do that pretty well with pen
(77:15 / Allies) seahorse: owl just hella fraternizing with the enemy
(77:16 / Allies) seahorse: chilling
(77:29 / Allies) seahorse: time to o mr owl
(77:30 / All) tititi-bobasq: shade.. report in blizad
(77:44 / Allies) seahorse: we are going to be reported?
(77:54 / All) seahorse: no report. pleaze.
(77:59 / Allies) balls2dawall.de: would be hilarious if blizz-eu banned us
(78:02 / All) iggy_the_fisk: lmao my cousin works at blizzard go ahead
(78:07 / All) iggy_the_fisk: see if your mail gets through... lmao
(78:12 / Allies) balls2dawall.de: like european part of blizzard actually gave a shit about this game
(78:20 / Allies) seahorse: is same company sorry
(78:20 / Allies) iggy_the_fisk: don't think there is one
(78:39 / Allies) seahorse: well blizzard doesn't care about any warcraft server
(78:41 / Allies) seahorse: but it's the same company
(78:44 / All) seahorse: gg TT
(78:50 / All) balls2dawall.de: QQ
(78:53 / All) GoodStuffix: hahah u gg
(78:54 / All) tititi-bobasq: he go send report
(78:55 / All) iggy_the_fisk: how u like losing...
(78:58 / All) tititi-bobasq: lal
(78:59 / All) tititi-bobasq: ~~
(79:03 / All) seahorse: dam... u got owned? lol.
(79:15 / All) tititi-bobasq: why?
(79:27 / All) tititi-bobasq: never we hawe all day
(79:34 / Allies) iggy_the_fisk: mine this mine assholes
(79:37 / All) GoodStuffix: haha yea
(79:41 / All) GoodStuffix: :D
(79:46 / All) seahorse: only 1 day???
(79:50 / All) iggy_the_fisk: u have all day to lose game like noobs lol
(79:51 / All) seahorse: we have months littel noobys
(79:57 / All) tititi-bobasq: its ok
(79:58 / All) iggy_the_fisk: spend weeks if u want
(80:03 / All) iggy_the_fisk: nooblosing
(80:16 / All) iggy_the_fisk: gona post to hilariousreplays.com...
(80:19 / All) iggy_the_fisk: hope u like being famous
(80:20 / All) iggy_the_fisk: famous noobs
(80:35 / Allies) balls2dawall.de: scroll down from there
(80:37 / Allies) balls2dawall.de: and move forward
(80:40 / All) tititi-bobasq: sry but u tell nooblosing.. but who is chide?
(80:41 / Allies) balls2dawall.de: you can see river
(80:43 / Allies) balls2dawall.de: through mountain
(80:51 / Allies) iggy_the_fisk: "chide"+
(80:57 / Allies) iggy_the_fisk: my european is rusty
(81:10 / Allies) seahorse: i speak fluent european
(81:15 / Allies) balls2dawall.de: if i had a lot of money id hollow out a mountain as much as i could and im sure i could make some kind of shit like a one way
(81:16 / Allies) balls2dawall.de: mirror
(81:19 / Allies) balls2dawall.de: where i could see through
(81:32 / Allies) seahorse: 1 way mirrors dont really work that way
(81:38 / Allies) balls2dawall.de: they just think is regular mountain
(81:46 / Allies) seahorse: you'd have to dolike wall mounted tv screens
(81:49 / Allies) seahorse: with hidden cameras
(81:54 / Allies) balls2dawall.de: id be hella rich so w.e
(82:02 / Allies) seahorse: then you could change the channel
(82:06 / Allies) seahorse: and pretend you're somewhere else
(82:28 / Allies) balls2dawall.de: id habve some kind of chute going through the river
(82:33 / Allies) balls2dawall.de: like for a roller coaster maybe
(82:53 / Allies) iggy_the_fisk: hp bar misalign
(82:57 / Allies) iggy_the_fisk: on stasis trap
(83:01 / Allies) iggy_the_fisk: destryers are the worst though
(83:31 / Allies) seahorse: what should i add for highperch
(83:33 / Allies) seahorse: replay rating?
(83:35 / Allies) seahorse: votez?
(83:38 / Allies) seahorse: comments?
(83:50 / Allies) seahorse: i feel with comments it might turn into ffareplays.com faggot edition
(84:01 / Allies) seahorse: a bit too close to a forum imho
(84:04 / Allies) iggy_the_fisk: might find out if other people visit
(84:26 / All) tititi-bobasq: ^^
(84:41 / Allies) iggy_the_fisk: did his friend report with replay findings mayhaps
(85:36 / Allies) balls2dawall.de: iggy are you in upk
(85:40 / Allies) iggy_the_fisk: 20 food
(85:47 / All) GoodStuffix: gg noobz u lose
(86:01 / All) balls2dawall.de: klmfao im going 2 sleep good ight
(86:09 / All) tititi-bobasq: me2
(86:11 / All) tititi-bobasq: :)
(86:12 / Allies) balls2dawall.de: gona catch some z's for a little bit
(86:13 / All) h43rYs: :)
(86:17 / Allies) balls2dawall.de: ill be back in like 3 hour
(86:19 / All) GoodStuffix: HAHAHAHHAH!!!
(86:21 / Allies) balls2dawall.de: to see how game doing
(86:23 / All) balls2dawall.de: dont leave please
(86:28 / All) balls2dawall.de: i want to see u when i wake up
(86:44 / All) balls2dawall.de: only take nap, will be back 3-4 hour lmfao!
(86:47 / Allies) balls2dawall.de: ok piece
(87:23 / Allies) iggy_the_fisk: buff storm bolt range
(87:52 / Allies) seahorse: if you hold your noob mk
(87:56 / Allies) iggy_the_fisk: patrol
(88:02 / Allies) iggy_the_fisk: fsttrike not enoiugh to kill
(88:08 / Allies) iggy_the_fisk: need that bolt goodness
(88:23 / Allies) seahorse: your bloodm is off the case
(90:36 / All) iggy_the_fisk: more glorious micro from king noobies
(90:45 / All) h43rYs: aaa spierdalaj
(91:38 / All) GoodStuffix: :D
(92:02 / Allies) iggy_the_fisk: makin dhawk
(92:59 / All) GoodStuffix: lol noobz
(93:09 / All) iggy_the_fisk: U always lose to noobs? lmao
(93:18 / All) tititi-bobasq: no never
(93:24 / All) tititi-bobasq: but u chide
(93:29 / All) GoodStuffix: lol u have 8-8 stats
(93:34 / All) GoodStuffix: u facking noobz
(93:39 / All) iggy_the_fisk: what do u do hmm oh yes u lose thx
(94:01 / All) GoodStuffix: in real game u lose
(94:06 / All) tititi-bobasq: come on start the battle and onw
(94:09 / All) GoodStuffix: and u noobing now
(94:14 / All) tititi-bobasq: it was funny game but..
(94:27 / All) iggy_the_fisk: Is that challenge?
(94:30 / All) iggy_the_fisk: u want 1v1 lil noobie?
(94:33 / All) iggy_the_fisk: lose again?
(94:40 / Allies) seahorse: i see
(94:41 / All) GoodStuffix: yes but u suck my dick first
(95:09 / Allies) seahorse: a he minin
(95:12 / Allies) iggy_the_fisk: yep
(95:14 / Allies) iggy_the_fisk: and makin hawk
(95:16 / Allies) iggy_the_fisk: and killing tanks
(95:35 / Allies) iggy_the_fisk: haha
(95:36 / Allies) iggy_the_fisk: score
(96:31 / Allies) iggy_the_fisk: hawk
(96:36 / Allies) iggy_the_fisk: ~7
(96:54 / Allies) seahorse: waiting on the chim
(97:03 / Allies) iggy_the_fisk: close to birdo
(97:39 / Allies) iggy_the_fisk: ok
(97:41 / All) GoodStuffix: HAHAHA noobz
(97:42 / Allies) iggy_the_fisk: i told that one to hold
(97:43 / Allies) iggy_the_fisk: but fine
(97:44 / All) h43rYs: XD
(98:06 / Allies) iggy_the_fisk: right right cloud and now
(98:11 / Allies) iggy_the_fisk: well
(98:12 / Allies) iggy_the_fisk: and now
(99:07 / Allies) iggy_the_fisk: 1982 experience
(99:51 / Allies) seahorse: v_
(100:24 / All) GoodStuffix: u noob style?
(100:29 / All) iggy_the_fisk: 1v1?
(100:45 / All) iggy_the_fisk: silence of teh noobs..
(100:46 / All) GoodStuffix: yes but first leave nub
(102:47 / Allies) seahorse: no way
(102:50 / Allies) iggy_the_fisk: hahaha
(102:51 / Allies) iggy_the_fisk: only
(102:55 / Allies) iggy_the_fisk: becaus ehe watched the replay
(102:56 / Allies) iggy_the_fisk: i bet
(103:04 / All) GoodStuffix: GG noobz
(103:11 / Allies) seahorse: kill it
(104:17 / Allies) seahorse: bolt next time
(104:19 / Allies) seahorse: and i jump that bitch
(104:20 / Allies) iggy_the_fisk: yea
(105:06 / Allies) iggy_the_fisk: take birdie
(105:20 / Allies) seahorse: we could staff over
(106:36 / Allies) iggy_the_fisk: hah
(106:39 / Allies) iggy_the_fisk: no diece
(106:39 / All) GoodStuffix: GG noobz
(108:13 / Allies) seahorse: noob birds wont listen
(109:22 / Allies) iggy_the_fisk: proof of concept
(109:48 / All) GoodStuffix: GG
(110:04 / All) GoodStuffix: u are max noobz
(112:02 / Allies) seahorse: well whatevs
(112:04 / All) GoodStuffix: llucky noob
(112:56 / Allies) iggy_the_fisk: tp
(113:16 / Allies) seahorse: damn
(113:19 / Allies) seahorse: why do you always try to suicide
(113:22 / Allies) seahorse: phoenix
(113:24 / Allies) iggy_the_fisk: he fine
(113:27 / Allies) seahorse: kill mort
(113:31 / Allies) seahorse: yaeh but you always try to run him over water
(113:32 / Allies) seahorse: so he'll die
(113:35 / Allies) seahorse: kill mort
(113:44 / Allies) seahorse: kill mort please?
(113:48 / Allies) iggy_the_fisk: not w netto
(113:49 / Allies) seahorse: ugh taking
(113:58 / Allies) seahorse: yeah god forbid you lose a pheonix
(114:05 / Allies) iggy_the_fisk: to them yeah
(114:07 / Allies) iggy_the_fisk: water np
(114:31 / Allies) seahorse: guy msised
(114:36 / Allies) iggy_the_fisk: hilaridad
(115:12 / Allies) seahorse: so
(115:30 / Allies) iggy_the_fisk: yeah could he hurry this up
(115:40 / Allies) seahorse: did he miss or does he want to not get anywhere
(122:09 / Allies) seahorse: why they send an mk up?
(122:13 / Allies) seahorse: are they brining up all heroes i wonder?
(122:17 / Allies) iggy_the_fisk: yea
(122:20 / Allies) iggy_the_fisk: they got some staffs now
(122:21 / Allies) iggy_the_fisk: lich
(122:22 / Allies) iggy_the_fisk: potm
(122:25 / Allies) seahorse: dont lose fenix
(122:27 / Allies) seahorse: grats
(123:10 / Allies) seahorse: that's about it tho right
(123:47 / Allies) seahorse: atleast no tornado
(124:15 / Allies) iggy_the_fisk: who do we go for
(124:18 / Allies) iggy_the_fisk: potm got greater heal
(124:25 / Allies) seahorse: mk or dk i guess
(125:05 / Allies) seahorse: do they still have chim?
(125:14 / Allies) iggy_the_fisk: 2 or 3
(125:31 / Allies) seahorse: next sfall lets try to go i guess
(125:41 / Allies) iggy_the_fisk: what's blockin gme
(125:42 / Allies) iggy_the_fisk: move arir
(125:54 / Allies) seahorse: your mk was blocking you
(126:04 / Allies) iggy_the_fisk: makes sense
(126:19 / Allies) seahorse: well they cant kill u without being on the heartland
(126:30 / Allies) seahorse: bloodmage a good target
(126:33 / Allies) seahorse: bolt him and i got
(126:48 / Allies) seahorse: wtf
(127:11 / Allies) seahorse: gay birds wont listen
(127:17 / Allies) iggy_the_fisk: yea they never do
(127:20 / Allies) iggy_the_fisk: too fast for they own good
(127:22 / Allies) iggy_the_fisk: got him anyway
(127:27 / Allies) seahorse: did we?
(127:30 / Allies) iggy_the_fisk: yup
(127:32 / Allies) iggy_the_fisk: second bolt
(127:34 / Allies) seahorse: is good
(127:40 / Allies) seahorse: and potm pussied out
(127:50 / Allies) iggy_the_fisk: oh yeah
(127:50 / Allies) iggy_the_fisk: bm
(127:52 / Allies) iggy_the_fisk: had staff
(127:56 / Allies) iggy_the_fisk: 125 buckaroos
(128:12 / Allies) seahorse: are they passin em back and forth?
(128:16 / Allies) iggy_the_fisk: yea
(128:20 / Allies) iggy_the_fisk: mk
(128:20 / Allies) seahorse: they really only need 2 to get all heroes up, not exactly a logic puzzle
(128:21 / Allies) iggy_the_fisk: gave to bm
(128:40 / Allies) iggy_the_fisk: potm back for more
(128:45 / Allies) seahorse: bolt action
(128:58 / Allies) seahorse: no good
(129:09 / Allies) iggy_the_fisk: saw it comin and moved
(129:11 / Allies) seahorse: granis faghammer
(129:22 / Allies) seahorse: guess we wait for a fall or somethin
(129:28 / Allies) seahorse: is when she is in most vulnerable position
(129:30 / Allies) seahorse: and she has no tp
(129:58 / Allies) seahorse: we could ship blade down and harass
(130:04 / Allies) seahorse: not a good spot
(130:05 / Allies) seahorse: nice block though
(130:17 / Allies) seahorse: she hits nothing
(130:18 / Allies) seahorse: dont greed
(130:37 / Allies) iggy_the_fisk: this corridor
(130:40 / Allies) iggy_the_fisk: always getn blocked
(130:48 / Allies) seahorse: blood is back
(130:49 / Allies) iggy_the_fisk: bm backo
(130:57 / Allies) iggy_the_fisk: aaw
(130:58 / Allies) seahorse: go for him?
(131:14 / Allies) iggy_the_fisk: 2 for 2
(131:35 / Allies) seahorse: they have sold all item
(131:41 / Allies) seahorse: we could send blade down there
(131:44 / Allies) seahorse: cause all their heroes are up here
(131:47 / Allies) seahorse: so he would have fairly free reign
(131:50 / Allies) iggy_the_fisk: go for it
(131:57 / Allies) seahorse: cons. it dne
(131:59 / Allies) seahorse: we acn res him on the perch
(132:01 / Allies) seahorse: if shit goes souf
(132:18 / Allies) seahorse: keep an I on their heroes
(132:19 / All) h43rYs: gg
(132:21 / All) h43rYs: nobs
(132:26 / All) seahorse: gg nooblettis :)
(132:31 / Allies) seahorse: a little italien
(132:32 / All) seahorse: you lose :D
(132:34 / All) h43rYs: tower naps
(132:38 / All) h43rYs: u
(132:41 / All) seahorse: na u lost
(132:44 / All) seahorse: gg. how it feel. noob fag.
(132:54 / Allies) seahorse: are they mobilizin?
(133:11 / Allies) iggy_the_fisk: mk pala
(133:12 / Allies) iggy_the_fisk: moved
(133:23 / Allies) seahorse: i'll check what's over by the perch
(133:27 / Allies) seahorse: a yes
(133:31 / Allies) iggy_the_fisk: tough combo
(133:36 / Allies) seahorse: not worth it
(134:12 / All) seahorse: ggggg :D
(134:16 / All) seahorse: leave king noob
(134:19 / All) iggy_the_fisk: what happened to all day...
(134:21 / All) iggy_the_fisk: U gonna leave now
(134:22 / Allies) seahorse: now is good time to prey on mk and pala
(134:23 / All) iggy_the_fisk: leave n cry
(134:26 / All) seahorse: qq :D
(134:33 / All) seahorse: i said leave noob faggots ahaha
(134:36 / All) seahorse: bow
(134:41 / All) iggy_the_fisk: we allow you to leave
(134:42 / All) seahorse: you so badddd haha
(134:49 / All) GoodStuffix: u lose leave
(134:56 / All) seahorse: haha nope. uo lose. you lost this game. gg.
(135:11 / Allies) seahorse: where could pala mk EB
(135:14 / Allies) seahorse: BE. i mean.
(135:17 / Allies) iggy_the_fisk: want to
(135:19 / Allies) iggy_the_fisk: go dk
(135:29 / Allies) seahorse: i can distract they ground if you want
(135:37 / Allies) seahorse: cant fight pala dk, might be by perch
(135:46 / Allies) iggy_the_fisk: i mean airnuke
(135:46 / Allies) seahorse: yo i bstorm the fiend, you go for heroes
(135:47 / Allies) seahorse: ok?
(135:52 / Allies) iggy_the_fisk: wait
(135:53 / Allies) seahorse: do what you gotta do
(135:55 / Allies) iggy_the_fisk: dont have air keyed
(136:03 / Allies) iggy_the_fisk: uhm
(136:07 / Allies) seahorse: drophack?
(136:08 / Allies) seahorse: might be.
(136:12 / Allies) seahorse: this is how it starts
(136:14 / Allies) seahorse: anyway
(136:14 / All) h43rYs: me afk
(136:15 / Allies) seahorse: feel free to go
(136:19 / Allies) seahorse: i storm it
(136:44 / Allies) seahorse: did we get anything?
(136:47 / Allies) iggy_the_fisk: lich
(136:48 / Allies) seahorse: good
(136:50 / Allies) seahorse: i got 3 fiend
(136:57 / Allies) seahorse: going topside for mana
(137:20 / All) iggy_the_fisk: good luck resing your lich naps rolf
(137:33 / Allies) seahorse: laffin at ud base
(137:34 / All) GoodStuffix: and nub?
(137:37 / Allies) iggy_the_fisk: he either wiffed coil on a dhawk
(137:40 / Allies) iggy_the_fisk: or he's just really dumb
(137:44 / Allies) seahorse: wiffed
(138:02 / Allies) seahorse: are they in last stage yet
(138:06 / Allies) seahorse: where they pool
(138:09 / Allies) seahorse: all units
(138:15 / Allies) iggy_the_fisk: and ancients don't forget those
(138:26 / Allies) seahorse: they were already uprooted when i checked
(138:34 / Allies) seahorse: go for her
(138:38 / Allies) seahorse: bladem moving out
(138:51 / Allies) seahorse: go
(138:53 / Allies) seahorse: yay
(138:55 / All) seahorse: gg
(139:01 / All) seahorse: leave
(139:03 / All) seahorse: king noob